cohdb
Replays
Latest Replays
All Replays
Popular Replays
Top Player Replays
Match Explorer
How It Works
Community
CoH3 Stats
Reddit
Sign in to upload your games and track your stats! →
Sign in with Steam
Match 44106232
Unlisted
Match 44106232
Overview
Messages
Build Orders
End
Selects Special Operations Battlegroup
Selects M29 Weasel Recon Vehicle
M29 Weasel Recon Vehicle
Construct Barracks
Riflemen Squad
Riflemen Squad
M1 Mortar Team
Selects Raiding Flares
Engineer Squad
Mechanized Support Center
M1918 Browning Automatic Rifles
Selects SSF Commando Squad
SSF Commando Squad
Grenade Package
SSF Commando Squad
Selects Air Re-supply Operation
Air Re-Supply Operation
Raiding Flares
Raiding Flares
SSF Commando Squad
Construct Tank Depot
Selects P-47 Anti-Infantry Loiter
Selects UNKNOWN (2162291)
SSF Commando Squad
M4A1 Sherman Whizbang
Bran
DrewP
Dillbro
Brothers in Trenches
Buck Spaceman
simaogui
0
0
Comments
sign in to comment!
No comments posted yet!